 Dungeon Crawl Stone Soup version 0.17-a0-1176-g3d5a0d0 (webtiles) character file.

3245 wvc the Spear-Bearer (level 9, 0/73 HPs)
             Began as a Naga Skald on May 30, 2015.
             Was a Follower of Okawaru.
             Slain by an orc warrior
             ... wielding a +0 halberd
              (8 damage)
             ... on level 8 of the Dungeon.
             The game lasted 00:23:49 (7706 turns).

wvc the Spear-Bearer (Naga Skald)                   Turns: 7706, Time: 00:23:49

Health: 0/73       AC: 17    Str: 16    XL:     9   Next: 99%
Magic:  0/12       EV:  8    Int: 12    God:    Okawaru [*.....]
Gold:   443        SH:  0    Dex: 13    Spells: 1 memorised, 11 levels left

rFire  . . .     SeeInvis +     z - +0 blowgun
rCold  . . .     Clarity  .     i - +2 chain mail {MR+}
rNeg   . . .     SustAt   .     (no shield)
rPois  +         Gourm    .     p - +2 hat
rElec  .         Spirit   +     (no cloak)
rCorr  .         Warding  .     (no gloves)
rMut   .         Stasis   .     (no barding)
MR     ++...                    g - amulet of guardian spirit
Stlth  ..........               (no ring)
                                u - +3 ring of protection

@: heroism, very slow, very resistant to hostile enchantments, extremely
unstealthy
A: see invisible, deformed body, poison resistance, slowness 2, slow metabolism
1, spit poison 2, AC +3
a: Spit Poison, Heroism, Renounce Religion


You were on level 8 of the Dungeon.
You worshipped Okawaru.
Okawaru was aware of your devotion.
You were not hungry.

You visited 2 branches of the dungeon, and saw 9 of its levels.

You collected 443 gold pieces.

Inventory:

Hand weapons
 b - a +0 quarterstaff
 j - a +1 trident
 z - a +0 blowgun (weapon)
 C - a +0 halberd
Missiles
 h - 7 tomahawks
 q - 11 poisoned needles (quivered)
 s - 2 steel tomahawks
Armour
 i - a +2 chain mail of magic resistance (worn)
 k - a +0 ring mail
 p - a +2 hat (worn)
Jewellery
 e - an uncursed ring of teleport control
 g - an amulet of guardian spirit (around neck)
 u - a +3 ring of protection (left hand)
 w - a +4 ring of intelligence
Magical devices
 n - a wand of disintegration (8)
 B - a wand of frost (10)
Scrolls
 t - a scroll of remove curse
 D - a scroll of enchant armour
 E - 2 scrolls of fog
Potions
 a - a potion of might
 m - 2 potions of cancellation
 r - a potion of poison {unknown}
 v - a potion of degeneration {unknown}
 x - a potion of brilliance {unknown}
Books
 c - a book of Battle

   Spells                             Type                      Level
   a - Infusion                       Charms                       1
   b - Shroud of Golubria             Charms/Translocation         2
   c - Song of Slaying                Charms                       2
   d - Spectral Weapon                Hexes/Charms                 3
   e - Regeneration                   Charms/Necromancy            3
 A - a book of Unlife

   Spells                             Type                      Level
   a - Recall                         Summoning/Translocation      3
   b - Animate Dead                   Necromancy                   4
   c - Control Undead                 Necromancy                   4
   d - Cigotuvi's Embrace             Necromancy                   5
   e - Death Channel                  Necromancy                   6
   f - Simulacrum                     Ice/Necromancy               6
Comestibles
 d - 4 bread rations
 o - 2 meat rations


   Skills:
 - Level 2.0(7.0) Fighting
 * Level 11.7(16.7) Polearms
 - Level 3.5(8.5) Armour
 - Level 2.7(7.7) Dodging
 - Level 2.0 Spellcasting
 - Level 3.0 Charms
 + Level 3.9 Evocations


You had 11 spell levels left.
You knew the following spells:

 Your Spells              Type           Power        Failure   Level  Hunger
a - Infusion              Chrm           #.....       86%         1    ##.....


Dungeon Overview and Level Annotations

Branches:
Dungeon (8/15)             Temple (1/1) D:6
   Lair: D:8-11

Altars:
Ashenzari
Cheibriados
Dithmenos
Elyvilon
Fedhas
Gozag
Kikubaaqudgha
Nemelex Xobeh
Okawaru
Qazlal
Ru
Sif Muna
Trog
Vehumet
Xom
Yredelemnul
Zin
The Shining One


Innate Abilities, Weirdness & Mutations

You cannot wear boots.
Your serpentine skin is tough (AC +3).
You have supernaturally acute eyesight.
Armour fits poorly on your strangely shaped body.
Your system is resistant to poisons.
You cover ground very slowly.
You have a slow metabolism.
You can spit poison.


Message History

Aim: an orc warrior, wielding a halberd and wearing a plate armour (heavily wounded, poisoned)
The splash of poison hits the orc warrior.
The orc warrior looks even sicker.
The orc warrior is severely wounded.
You feel slightly more hungry.
You kill the killer bee!
Okawaru accepts your kill.
The orc warrior hits you but does no damage.
Things that are here:
5 poisoned needles; a killer bee corpse
q - 11 poisoned needles (gained 5)
The orc warrior hits you from afar with a halberd!
* * * LOW HITPOINT WARNING * * *
Unknown command.
You have got your breath back.
The orc wizard casts a spell.
You feel troubled. The orc warrior barely misses you.
The orc warrior hits you from afar with a halberd!
You die...

# ##. (# #. #.. (#
#.##.##.# #..
#(#.#.# #.# #.####
#(o†## #.# ###....#
##o## #.# #......#
#o# #.#
#......#####.# #.#
#..........@.# #.#
#......#####.#
#.####......# #.#
...)...#.##.#####.#
#.####.#.#........#
#....^......#####.#
######.####.# #.#
#.# #..# #.# #.#
#..# #.#


You could see an orc warrior, an orc wizard and an orc.

Vanquished Creatures
  The ghost of Fluffy the Skirmisher, an experienced DsGl (D:6)
  A water moccasin (D:7)
  3 ice beasts
  2 orc warriors
  2 sky beasts
  An ogre (D:4)
  A necrophage (D:6)
  A phantom (D:4)
  4 centaurs
  3 scorpions
  A giant frog (D:6)
  A water moccasin skeleton (D:4)
  3 killer bees (D:8)
  A wight (D:3)
  A wasp zombie (D:5)
  2 electric eels
  A giant frog zombie (D:5)
  2 crimson imps
  7 orc wizards
  A giant frog skeleton (D:7)
  4 orc priests
  A hound (D:5)
  A centaur skeleton (D:7)
  3 jellies
  Terence (D:3)
  3 worker ants
  2 hound skeletons
  4 gnolls (D:6)
  10 adders
  2 oozes (D:3)
  An adder skeleton (D:7)
  2 worms (D:2)
  5 giant geckos
  21 orcs
  A bat skeleton (D:5)
  6 giant cockroaches
  11 hobgoblins
  8 jackals
  10 quokkas
  A ball python (D:1)
  15 bats
  6 giant newts
  6 goblins
  A jackal skeleton (D:4)
  12 kobolds
  14 rats
190 creatures vanquished.

Notes
Turn   | Place    | Note
--------------------------------------------------------------
     0 | D:1      | wvc the Naga Skald began the quest for the Orb.
     0 | D:1      | Reached XP level 1. HP: 19/19 MP: 3/3
   273 | D:1      | Reached XP level 2. HP: 19/26 MP: 3/5
   682 | D:1      | Reached skill level 1 in Armour
   785 | D:1      | Reached skill level 1 in Dodging
   956 | D:2      | Reached XP level 3. HP: 25/32 MP: 4/6
  1683 | D:2      | Reached XP level 4. HP: 39/39 MP: 5/7
  1958 | D:3      | Noticed Terence
  1978 | D:3      | Killed Terence
  2106 | D:3      | Reached XP level 5. HP: 17/45 MP: 3/8
  3087 | D:4      | Noticed an ice beast
  3098 | D:4      | Killed an ice beast
  3098 | D:4      | Reached skill level 4 in Polearms
  3098 | D:4      | Reached XP level 6. HP: 35/52 MP: 5/9
  3125 | D:4      | Reached skill level 1 in Evocations
  3427 | D:4      | Noticed an ogre
  3434 | D:4      | Killed an ogre
  3434 | D:4      | Reached XP level 7. HP: 55/60 MP: 10/10
  3491 | D:4      | Reached skill level 5 in Polearms
  3499 | D:4      | Noticed a phantom
  3534 | D:4      | Killed a phantom
  3946 | D:5      | Entered Level 5 of the Dungeon
  3961 | D:5      | Reached skill level 6 in Polearms
  4230 | D:5      | Reached XP level 8. HP: 54/67 MP: 8/11
  4603 | D:5      | Reached skill level 7 in Polearms
  5136 | D:6      | Noticed Fluffy's ghost (experienced DsGl)
  5145 | D:6      | Killed Fluffy's ghost
  5145 | D:6      | Reached skill level 9 in Polearms
  5322 | D:6      | Reached XP level 9. HP: 22/71 MP: 4/12
  5806 | D:6      | Reached skill level 10 in Polearms
  6455 | D:6      | Found a staircase to the Ecumenical Temple.
  6468 | Temple   | Entered the Ecumenical Temple
  6566 | Temple   | Became a worshipper of Warmaster Okawaru
  7165 | D:7      | Reached skill level 11 in Polearms
  7325 | D:8      | Acquired Okawaru's first power
  7706 | D:8      | Slain by an orc warrior

Vault maps used:
D:1:      dpeg_arrival_water_temple_mockup
D:3:      first_bread, grunt_ministairs_9, uniq_terence
D:6:      temple_hall, serial_bayou_pond_b, minmay_misc_feat_tiny
D:7:      lightli_minifort
D:8:      makhleb_heckhound_becter, minmay_lair_entry_grove, grunt_livestock,
          kennysheep_generic_room_13
Temple:   grunt_circular_temple_18

Action                   |  1- 3 |  4- 6 |  7- 9 || total
-------------------------+-------+-------+-------++-------
Melee: Spear             |   134 |   193 |       ||   327
       Quarterstaff      |       |    57 |       ||    57
       Trident           |       |    18 |   502 ||   520
       Halberd           |       |       |    18 ||    18
 Fire: Blowgun           |       |       |    19 ||    19
Throw: Tomahawk          |     3 |    14 |     2 ||    19
Invok: Heroism           |       |       |     1 ||     1
 Abil: Spit Poison       |     5 |    14 |    36 ||    55
Evoke: Wand              |       |     3 |    16 ||    19
  Use: Scroll            |     5 |     6 |     4 ||    15
       Potion            |       |       |     4 ||     4
  Eat: Beef jerky        |     2 |       |     1 ||     3
       Meat ration       |       |     1 |     2 ||     3
       Pizza             |       |     1 |       ||     1
       Chunk             |       |       |     2 ||     2
